AoeStats
← cgan13289

Arena

510120634Analyzed
4v4 RM · 3d ago on Sep 29, 2026· 25m 50s· 8 players
Game mode
Random Map
Map size
Large (8 player)
Population
200
Speed
Normal
Resources
Standard
Victory
Conquest
Starting age
Dark Age
Ending age
Imperial Age
RankedLock teamsTeams togetherTeam positionsShared explorationLock speedFull tech treeHidden civsTurbo modeCheats
Victory
Defeat
🇹🇼 Saxons · Taiwan
1387
+12
1343
+14
🇲🇽 Mongols · Mexico
1329
+15
🇹🇼 Franks · Taiwan
1245
+18
1316
-15
🇮🇹 Huns · Italy
1297
-15
🇬🇷 Maya · Greece
1294
-15
🇩🇪 Varangians · Germany
1284
-14
[Sacred Fart] Turk Turkelton
10:02 Feudal Age
13:41 Castle Age
11:29 Horse Collar
12:19 Double-Bit Axe
14:37 Bow Saw
14:59 Heavy Plow
21:23 Wheelbarrow
22:38 Stone Mining
22:40 Gold Mining
23:37 Hand Cart
24:21 Loom
24:21 Town Watch
28:27 Imperial Age
26:20 Squires
Madeft
0:27 Loom
12:11 Feudal Age
13:02 Double-Bit Axe
12:59 Horse Collar
16:14 Castle Age
16:58 Wheelbarrow
18:50 Hand Cart
25:29 Fletching
bindella
10:34 Feudal Age
15:33 Castle Age
13:54 Double-Bit Axe
14:08 Horse Collar
15:39 Bloodlines
16:05 Scale Barding Armor
17:59 Husbandry
23:21 Bow Saw
24:34 Chain Barding Armor
WallyGoodberg
6:26 Loom
9:07 Feudal Age
11:24 Double-Bit Axe
11:21 Horse Collar
12:40 Fletching
21:57 Castle Age
22:34 Bodkin Arrow
22:53 Bow Saw
22:46 Heavy Plow
23:18 Guard Tower
24:38 Town Watch
cgan13289
10:11 Feudal Age
11:44 Double-Bit Axe
11:52 Gold Mining
11:51 Horse Collar
14:27 Castle Age
15:45 Bow Saw
17:50 Loom
22:02 Wheelbarrow
22:15 Gold Mining
22:37 Heavy Plow
24:37 Stone Mining
25:00 Town Watch
IMPORTAINER S.A @ DaNkoN_ARG
8:24 Loom
10:40 Feudal Age
11:49 Double-Bit Axe
12:49 Fletching
21:04 Castle Age
21:45 Bodkin Arrow
21:16 Pikeman
21:59 Scale Mail Armor
未時稻暱瑠
10:06 Feudal Age
10:55 Loom
14:26 Castle Age
13:00 Double-Bit Axe
15:11 Scale Barding Armor
20:58 Bow Saw
22:10 Gold Mining
25:04 Forging
neto_leo15
0:28 Loom
9:23 Feudal Age
17:41 Castle Age
18:00 Stone Mining
Connection lost

Rejoining the realm…

Still unreachable

The connection could not be restored.

Session expired

The server has moved on; the page needs a fresh start.